 Dungeon Crawl Stone Soup version 0.22-a0-815-gb582571 (webtiles) character file.

197 Leszczynek the Poker (level 5, -4/38 HPs)
             Began as a Merfolk Skald on July 23, 2018.
             Killed from afar by an orc wizard (6 damage)
             ... with a magic dart
             ... on level 5 of the Dungeon.
             The game lasted 00:09:56 (1479 turns).

Leszczynek the Poker (Merfolk Skald)                Turns: 1479, Time: 00:09:56

Health: -4/38      AC:  0    Str: 17    XL:     5   Next: 75%
Magic:  2/8        EV: 13    Int: 12    God:
Gold:   95         SH:  0    Dex: 21    Spells: 2/8 levels left

rFire    + . .     SeeInvis +   a - +0 spear
rCold    + . .     Gourm    .   (no shield)
rNeg     . . .     Faith    .   w - +0 leather armour "Taisiriu" {-Tele rPois Dex+7 Stlth-} (curse)
rPois    +         Spirit   .   (no helmet)
rElec    +         Reflect  .   (no cloak)
rCorr    +         Harm     .   (no gloves)
MR       .....     NoTele   +   (no boots)
Stlth    +.........             (no amulet)
HPRegen  0.12/turn              n - ring of see invisible
MPRegen  0.11/turn              (no ring)

@: mighty, resistant, corroded, very slightly contaminated, slowed, invisible,
very slow
A: change form in water, swift swim, stealthy swim
a: no special abilities


You were on level 5 of the Dungeon.
You were not hungry.

You visited 1 branch of the dungeon, and saw 5 of its levels.
You also visited: Ossuary.

You collected 95 gold pieces.

Inventory:

Hand Weapons
 a - a +0 spear (weapon)
 g - a +0 trident
 t - a +0 hand crossbow
Missiles
 e - 23 sling bullets
 l - 2 tomahawks (quivered)
Armour
 b - a +0 leather armour
 k - a +0 ring mail
 w - the cursed +0 leather armour "Taisiriu" (worn) {-Tele rPois Dex+7 Stlth-}
   (You found it on level 4 of the Dungeon)

   It affects your dexterity (+7).
   It protects you from poison.
   It prevents most forms of teleportation.
   It makes you less stealthy.
   It has a curse placed upon it.
 y - the +1 leather armour of Melancholy {*Slow rC+ Str+4}
   (You found it on level 5 of the Dungeon)

   It affects your strength (+4).
   It protects you from cold.
   It may slow you when you take damage.
Jewellery
 n - a ring of see invisible (left hand)
Scrolls
 c - a scroll of remove curse {unknown}
 i - a scroll of identify {@r1}
 j - 2 scrolls of amnesia
 p - a scroll of fear {unknown}
 s - a scroll of enchant armour {unknown}
 v - a scroll of teleportation {unknown}
Potions
 m - a potion of curing {unknown}
 o - a potion of magic {unknown}
 q - a potion of heal wounds {unknown}
 r - a potion of invisibility
 u - a potion of agility {unknown}
 x - a potion of lignification {unknown}
Comestibles
 d - 3 rations
 z - 4 chunks of flesh


   Skills:
 - Level 2.1 Fighting
 + Level 4.6 Polearms
 - Level 0.6 Armour
 - Level 2.6 Dodging
 - Level 2.0 Spellcasting
 * Level 3.3 Hexes
 + Level 4.5 Charms
 - Level 1.0 Translocations


You had 2 spell levels left.
You knew the following spells:

 Your Spells              Type           Power        Failure   Level  Hunger
a - Infusion              Chrm           ##..         4%          1    ##.....
b - Shroud of Golubria    Chrm/Tloc      #.........   16%         2    ###....
c - Spectral Weapon       Hex/Chrm       ##......     19%         3    ####...

Your spell library contained the following spells:

 Spells                   Type           Power        Failure   Level  Hunger
 Magic Dart               Conj           #...         32%         1    ##.....
 Conjure Flame            Conj/Fire      #.......     67%         3    ####...
 Slow                     Hex            #.......     12%         2    ###....
 Mephitic Cloud           Conj/Pois/Air  #.......     67%         3    ####...
 Blink                    Tloc           N/A          32%         2    ###....
 Call Imp                 Summ           #.......     43%         2    ###....
 Regeneration             Chrm/Necr      #.........   36%         3    ####...
 Song of Slaying          Chrm           ##......     8%          2    ###....


Dungeon Overview and Level Annotations

Branches:
Dungeon (5/15)
 Temple: D:4-7

Altars:


Message History

The orc wizard zaps a wand.
The bolt of acid misses you. The orc wizard barely misses you.
You strike the helpless orc wizard from behind!
You hit the orc wizard.
The orc wizard is severely wounded.
Your shroud unravels.
Your spectral weapon barely misses the orc wizard.
The orc wizard zaps a wand.
The bolt of acid hits you! The acid corrodes you!
You are splashed with acid!
The acid burns!
* * * LOW HITPOINT WARNING * * *
The now-empty wand crumbles to dust.
The orc wizard misses you.
It was a potion of might.
You feel very mighty all of a sudden. The orc wizard closely misses you.
The orc wizard misses you.
It was a potion of resistance.
You feel protected. The orc wizard misses you.
The orc wizard points at you and mumbles some strange words.
The magic dart hits you!
You die...

#.#.. ..### .'..
..'.# '..# #..'.
...##8..# #####
.......# #...# .....
#...####ยง'#
#....(##..#
#....o@..##
.####.....####
............#
....###.....## ####
#.. .. #......###
#..##.. #.......<#
#.. .. . #.....##)#
#.#..##..
########.####.#..#...
#....#.#......


You could see an orc wizard and a friendly spectral spear.

Vanquished Creatures
  A hound (D:4)
  A bullfrog skeleton (D:5)
  A worker ant (D:5)
  A howler monkey zombie (D:5)
  5 adders
  A shadow imp (D:5)
  A dart slug (D:3)
  A leopard gecko (D:3)
  4 orcs
  A ball python (D:3)
  4 giant cockroaches
  6 goblins
  3 hobgoblins
  3 jackals (D:5)
  5 bats
  4 frilled lizards
  4 kobolds
  3 rats
49 creatures vanquished.

Vanquished Creatures (others)
  2 spectral weapons (D:5)
2 creatures vanquished.

Grand Total: 51 creatures vanquished

Notes
Turn   | Place    | Note
-------+----------+-------------------------------------------
     0 | D:1      | Leszczynek the Merfolk Skald began the quest for the Orb.
     0 | D:1      | Reached XP level 1. HP: 16/16 MP: 3/3
    98 | D:1      | Reached XP level 2. HP: 10/22 MP: 1/5
   107 | D:1      | Learned a level 2 spell: Shroud of Golubria
   288 | D:2      | Reached skill level 4 in Charms
   356 | D:3      | Reached XP level 3. HP: 26/27 MP: 0/6
   436 | D:3      | Learned a level 3 spell: Spectral Weapon
   480 | D:3      | Reached skill level 1 in Hexes
   645 | D:2      | Reached XP level 4. HP: 26/33 MP: 7/7
   714 | D:3      | Reached skill level 2 in Hexes
   832 | D:5      | Entered Level 5 of the Dungeon
   918 | D:4      | Got a sapphire-encrusted leather armour
   929 | D:4      | Identified the cursed +0 leather armour "Taisiriu" {-Tele rPois Dex+7 Stlth-} (You found it on level 4 of the Dungeon)
   929 | D:4      | kek
   996 | D:4      | Found a sand-covered staircase.
  1000 | Ossuary  | Entered an ossuary
  1007 | D:4      | nope
  1007 | D:4      | can't do that one
  1107 | D:4      | Reached skill level 4 in Polearms
  1107 | D:4      | Reached XP level 5. HP: 17/38 MP: 0/8
  1303 | D:5      | Reached skill level 1 in Translocations
  1325 | D:5      | wtf
  1399 | D:5      | Reached skill level 3 in Hexes
  1415 | D:5      | Got an agate-encrusted leather armour
  1416 | D:5      | Identified the +1 leather armour of Melancholy {*Slow rC+ Str+4} (You found it on level 5 of the Dungeon)
  1477 | D:5      | HP: 2/38 [acid (8)]
  1479 | D:5      | Killed from afar by an orc wizard

Vault maps used:
D:1:      ncdulo_halloftheorcs, hangedman_decor_slide_cut, st_stairs_10,
          nrook_mini_vaults
D:2:      lemuel_coloured_pillars_altar, first_ration
D:4:      minmay_temple_entry_overgrown, enter_ossuary_5, roderic_roman_lattice
D:5:      gammafunk_temple_overflow_statue, nemelex_xobeh_ov_fountains_minmay,
          kennysheep_generic_room_7
Ossuary:  ossuary_zaba_flooded

Skill      XL: |  1  2  3  4  5 |
---------------+----------------+-----
Charms         | 4 |  4.5
Hexes          | 1 2 3 |  3.3
Polearms       | 4 |  4.6
Translocations | 1 |  1.0
Fighting       | |  2.1
Armour         | |  0.6
Dodging        | |  2.6
Spellcasting   | |  2.0

Action                   |  1- 3 |  4- 6 || total
-------------------------+-------+-------++-------
Melee: Spear             |    91 |    99 ||   190
Throw: Tomahawk          |       |     1 ||     1
 Cast: Infusion          |    10 |     2 ||    12
       Shroud of Golubri |     4 |     6 ||    10
       Spectral Weapon   |       |     8 ||     8
  Use: Potion            |       |     3 ||     3
       Scroll            |       |     2 ||     2
 Stab: Sleeping          |       |     1 ||     1
       Distracted        |       |     2 ||     2
       Invisible         |       |     2 ||     2
  Eat: Chunk             |       |     2 ||     2
       Ration            |       |     1 ||     1
Armor: Leather armour    |    15 |    13 ||    28
Dodge: Dodged            |    43 |    67 ||   110

Table legend:
 A = Spawn XP
 B = Non-spawn XP
 C = Spawn XP percentage of total XP
 D = Spawn monster count
 E = Non-spawn monster count
 F = Spawn count percentage of total count
 G = Total turns spent on level
                    A         B        C        D         E        F      G
               +---------+---------+-------+---------+---------+-------+---------
         Total |       0 |     282 |   0.0 |       0 |      49 |   0.0 |  1479
               +---------+---------+-------+---------+---------+-------+---------
           D:1 |       0 |      20 |   0.0 |       0 |      13 |   0.0 |   237
           D:2 |       0 |      17 |   0.0 |       0 |       5 |   0.0 |   153
           D:3 |       0 |      67 |   0.0 |       0 |      17 |   0.0 |   402
           D:4 |       0 |      46 |   0.0 |       0 |       2 |   0.0 |   393
           D:5 |       0 |     132 |   0.0 |       0 |      12 |   0.0 |   288
               +---------+---------+-------+---------+---------+-------+---------
